 Dungeon Crawl Stone Soup version 0.31-a0-948-gf5be29c462 (webtiles) character file.

Game seed: 1592766618599788459

16 Arzdou the Ruffian (level 2, 18/18 HPs)
             Began as an Octopode Shapeshifter on Oct 21, 2023.
             Was a Follower of Yredelemnul.
             Quit the game on level 2 of the Dungeon.
             The game lasted 00:01:13 (910 turns).

Arzdou the Ruffian (Octopode Shapeshifter)           Turns: 910, Time: 00:01:14

Health: 18/18      AC:  1    Str: 13    XL:     2   Next: 58%
Magic:  2/2        EV: 13    Int: 12    God:    Yredelemnul [*.....]
Gold:   141        SH:  0    Dex: 11    Spells: 1/1 levels left

rFire   . .          .
                       - Unarmed
rCold   . . .        (no shield)
rNeg    . . .        (helmet currently unavailable)
rPois   .            (no amulet)
rElec   .            (no ring)
rCorr   .            (no ring)
SInv    .            (no ring)
Will    .....        (no ring)
Stlth   ++           (no ring)
HPRegen 0.23/turn    (no ring)
MPRegen 0.08/turn    (no ring)
                     (no ring)

%: no passive effects
@: beast-form
A: beast (slay +1), almost no armour, amphibious, 8 rings, camouflage 1,
gelatinous body 1, (nimble swimmer 1), tentacles
a: Begin Untransformation, Renounce Religion, Recall Undead Harvest


You were on level 2 of the Dungeon.
You worshipped Yredelemnul.
Yredelemnul was noncommittal.
You were a hulking beast.
You visited 1 branch of the dungeon, and saw 2 of its levels.

You collected 141 gold pieces.

Inventory:

Jewellery
 l - a ring of wizardry
Talismans
 b - a beast talisman (active)
 c - a flux talisman
Scrolls
 d - 2 scrolls of amnesia {unknown}
 e - a scroll of fear {unknown}
 f - a scroll of vulnerability {unknown}
 h - a scroll of enchant weapon {unknown}
 i - a scroll of noise {unknown}
 k - a scroll of blinking {unknown}
 m - a scroll of immolation
Potions
 a - a potion of lignification
 g - a potion of haste {unknown}
 j - a potion of mutation {unknown}


   Skills:
 - Level 1.0 Fighting
 - Level 2.0 Dodging
 + Level 3.8 Unarmed Combat
 - Level 3.0 Shapeshifting


You had one spell level left.
You didn't know any spells.
Your spell library was empty.

Dungeon Overview and Level Annotations

Branches:
Dungeon (2/15)

Altars:
Yredelemnul


Innate Abilities, Weirdness & Mutations

You are a hulking beast.
Your limbs bulge with bestial killing power. (Slay +1)
You cannot wear most types of armour.
You are amphibious.
You can wear up to eight rings at the same time.
Your skin changes colour to match your surroundings (Stealth+).
Your rubbery body absorbs attacks. (AC +1, EV +1)
((You are camouflaged when in or above water. (Stealth+)))
You have tentacles for arms and can constrict up to eight enemies at once.


Message History

You see here a +0 ring mail.
As you open the large door, it creaks loudly!
l - a ring of wizardry You now have 129 gold pieces (gained 11).
You see here a +0 ring mail.
Partly explored, can't reach some places.
Partly explored, can't reach some places.
There is a stone staircase leading down here.
You climb downwards.
Found a scroll of immolation.
Found a faded altar of an unknown god.
There is a stone staircase leading up here.
A giant cockroach comes into view.
Found 12 gold pieces.
Found a short sword.
Found a stone staircase leading down.
You tentacle-slap the giant cockroach. You grab the giant cockroach.
The giant cockroach is severely wounded.
You constrict the giant cockroach, but do no damage.
The giant cockroach closely misses you.
You bludgeon the giant cockroach!
You kill the giant cockroach!
No target in view!
You now have 141 gold pieces (gained 12).
m - a scroll of immolation
There is a faded altar of an unknown god here.
This altar belongs to (a) Jiyva, (b) the Shining One or (c) Yredelemnul, but you can't tell which.
Press the corresponding letter to learn more about a god, or press enter to convert or escape to cancel.
Yredelemnul accepts your prayer! Yredelemnul welcomes you!
You can now reap souls.
You can now recall your undead harvest.
Unknown command.
Press < or > to pray at altars.
Unknown command.
Press < or > to pray at altars.
Are you sure you want to abandon this character and quit the game? (Confirm with "yes".)
Okay, then.
Unknown command.
Press < or > to pray at altars.
Unknown command.
Press < or > to pray at altars.
Are you sure you want to abandon this character and quit the game? (Confirm with "yes".)

.... .. ... ..#.####
... ........
######..###.+......
##....).#...#.#...
#..#....#........ #
###...†.##.....# ....
........#...#.##.....
..#..##....Z.h.Z....#
..> #.#..#ZZ.#....# #
#.##..#.##.#...
#.##........ #
#...##...#.. #
#..#....#.##
#..##...........
#....<#.#####.##
##.####.# .#


You could see 2 friendly ball python zombies and 2 friendly adder zombies.

Vanquished Creatures
  A ball python (D:1)
  3 endoplasms (D:1)
  2 giant cockroaches
  A quokka (D:1)
  2 bats (D:1)
  2 frilled lizards (D:1)
  3 goblins (D:1)
  A rat (D:1)
15 creatures vanquished.

Notes
Turn   | Place    | Note
-------+----------+-------------------------------------------
     0 | D:1      | Arzdou the Octopode Shapeshifter began the quest for the
                  | Orb.
     0 | D:1      | Reached XP level 1. HP: 13/13 MP: 1/1
   193 | D:1      | Reached XP level 2. HP: 15/18 MP: 2/2
   890 | D:2      | Found a faded altar of an unknown god.
   909 | D:2      | Prayed at the altar of an unknown god.
   909 | D:2      | Became a worshipper of Yredelemnul the Dark
   909 | D:2      | Reached * piety under Yredelemnul
   910 | D:2      | Quit the game

Illustrated notes

Levels and vault maps discovered:
D:1:      denvon_arrival_planthouse, layout_basic
D:2:      layout_basic, hellmonk_ecumenical_altar_blasted, basic_altar,
          kennysheep_cluttered_room, kennysheep_small_spiral, grunt_decor_cap,
          minmay_worlds_worst_comb

Action                     || total
---------------------------++-------
  Melee: Unarmed           ||    24
         Constrict         ||     5
         Punch             ||     1
   Stab: Sleeping          ||     7
 Armour: Skin              ||     4
  Dodge: Dodged            ||     8

Table legend: (Time is in decaauts)
 A = Elapsed time spent in this place.
 B = Non-inter-level travel time spent in this place.
 C = Inter-level travel time spent in this place.
 D = Time resting spent in this place.
 E = Time spent auto-exploring this place.
 F = Levels seen in this place.
 G = Mean time per level.
                   A        B        C        D        E       F      G
               +--------+--------+--------+--------+--------+-----+--------+
         Total |    908 |    899 |      9 |      0 |    795 |   2 |  454.0 |
       Dungeon |    908 |    899 |      9 |      0 |    795 |   2 |  454.0 |
               +--------+--------+--------+--------+--------+-----+--------+

Top non-repeatable levels by time:
     D:1: 888 daAuts
     D:2: 19 daAuts
